 Dungeon Crawl Stone Soup version 0.18-a0-1435-gee79d65 (webtiles) character file.

121 Kidiri the Magician (level 4, -8/24 HPs)
             Began as a Deep Elf Fire Elementalist on Feb 29, 2016.
             Killed from afar by a gnoll (32 damage)
             ... with an exploding inner flame
             ... hexed by the player character
             ... on level 3 of the Dungeon.
             The game lasted 00:09:31 (2774 turns).

Kidiri the Magician (Deep Elf Fire Elementalist)    Turns: 2774, Time: 00:09:32

Health: -8/24      AC:  3    Str:  5    XL:     4   Next: 76%
Magic:  0/12       EV: 12    Int: 21    God:
Gold:   149        SH:  0    Dex: 15    Spells: 4 memorised, 3 levels left

rFire  . . .     SeeInvis .     i - +0 dagger
rCold  + . .     Gourm    .     h - +0 leather armour {rF+}
rNeg   . . .     Faith    +     (no shield)
rPois  .         Spirit   .     (no helmet)
rElec  .         Dismiss  .     (no cloak)
rCorr  .         Reflect  .     (no gloves)
SustAt .         Harm     .     (no boots)
MR     .....                    k - amulet of faith
Stlth  ++........               (no ring)
                                e - ring of ice

@: very slightly contaminated, not resistant to hostile enchantments, unstealthy
A: no striking features
a: no special abilities


You were on level 3 of the Dungeon.
You were not hungry.

You visited 1 branch of the dungeon, and saw 3 of its levels.

You collected 149 gold pieces.

Inventory:

Hand Weapons
 i - a +0 dagger (weapon)
 w - a +0 rapier
Missiles
 t - a throwing net (quivered)
Armour
 a - a +0 robe
 h - a +0 leather armour of fire resistance (worn)
Jewellery
 e - a ring of ice (left hand)
 k - an amulet of faith (around neck)
Wands
 c - a wand of confusion (15/48)
Scrolls
 d - a scroll of teleportation
 g - 2 scrolls of immolation {unknown}
 j - 2 scrolls of recharging
 m - 3 scrolls of enchant armour {unknown}
 o - a scroll of magic mapping
 p - a scroll of fog {unknown}
 r - a scroll of remove curse {unknown}
 u - a scroll of blinking {unknown}
Potions
 q - a potion of cancellation
 s - a potion of curing {unknown}
 v - a potion of berserk rage
Books
 b - a book of Flames

   Spells                             Type                      Level
   a - Flame Tongue                   Conjuration/Fire             1
   b - Throw Flame                    Conjuration/Fire             2
   c - Conjure Flame                  Conjuration/Fire             3
   d - Inner Flame                    Hexes/Fire                   3
   e - Sticky Flame                   Conjuration/Fire             4
   f - Fireball                       Conjuration/Fire             5
Comestibles
 f - a chunk of flesh
 l - 2 meat rations
 n - a slice of pizza


   Skills:
 + Level 0.8 Fighting
 + Level 0.5 Armour
 + Level 2.9 Dodging
 + Level 2.7 Stealth
 * Level 4.5 Spellcasting
 + Level 1.5 Conjurations
 + Level 2.1 Hexes
 + Level 3.8 Fire Magic


You had 3 spell levels left.
You knew the following spells:

 Your Spells              Type           Power        Failure   Level  Hunger
a - Flame Tongue          Conj/Fire      #....        10%         1    None
b - Throw Flame           Conj/Fire      #.....       12%         2    #......
c - Conjure Flame         Conj/Fire      #.......     21%         3    ##.....
d - Inner Flame           Hex/Fire       #.......     17%         3    ##.....


Dungeon Overview and Level Annotations

Branches:
Dungeon (3/15)

Altars:
Elyvilon


Message History

Aiming: Flame Tongue
Press: ? - help, Shift-Dir - straight line, f/p - gnoll
Aim: a gnoll, wielding a club (almost dead, inner flame)
You feel a numb sensation.
You miscast Flame Tongue.
You feel uncomfortably hot.
Unknown command.
Found 2 fruits.
Casting: Flame Tongue
Confirm with . or Enter, or press ? or * to list all spells.
Aiming: Flame Tongue
Press: ? - help, Shift-Dir - straight line, f/p - gnoll
Aim: a gnoll, wielding a club (almost dead, inner flame)
You feel a numb sensation.
The flame tongue hits the gnoll.
The gnoll explodes!
The fiery explosion engulfs the gnoll.
You kill the gnoll!
Your Hexes skill increases to level 2!
The fiery explosion engulfs you!
Ouch! That really hurt!
You die...

..._... #...# ## ### #.# #.. #.#
#.#..## .. #.# ##g##... .% #.#
#..g#.. .# ....... #.# #.P.#..
#.# ##. ....... #.#
#.g.#.#####.#............. #.#
##.##.##§§@...# #....... #.#
##..##.##§##...#####.......
#.####....g.g..##.......#.......
#.##.........####.......#.......
#.##....................<.#
#.##..........###......)..####
#.#...[...<..## #.......#<...#
#.#.#####....# #.##########.####
.....# #....## #.# #.....


You could see a gnoll.

Vanquished Creatures
  Ijyb (D:2)
  A gnoll (D:3)
  2 adders
  A worm (D:2)
  A dart slug (D:1)
  3 giant geckos
  5 orcs (D:3)
  4 giant cockroaches
  6 goblins
  8 hobgoblins
  3 kobolds
  A quokka (D:3)
  8 bats
  10 rats
  A plant (D:1)
55 creatures vanquished.

Notes
Turn   | Place    | Note
--------------------------------------------------------------
     0 | D:1      | Kidiri the Deep Elf Fire Elementalist began the quest for the Orb.
     0 | D:1      | Reached XP level 1. HP: 10/10 MP: 6/6
   193 | D:1      | Reached XP level 2. HP: 15/15 MP: 4/8
   197 | D:1      | Learned a level 2 spell: Throw Flame
  1046 | D:1      | Reached skill level 4 in Spellcasting
  1046 | D:1      | Reached XP level 3. HP: 16/20 MP: 4/10
  1051 | D:1      | Learned a level 3 spell: Conjure Flame
  1055 | D:1      | Learned a level 3 spell: Inner Flame
  2260 | D:3      | Noticed Ijyb
  2300 | D:2      | Killed Ijyb
  2300 | D:2      | Reached skill level 1 in Hexes
  2300 | D:2      | Reached XP level 4. HP: 15/24 MP: 10/12
  2736 | D:3      | Found a white marble altar of Elyvilon.
  2774 | D:3      | Killed from afar by a gnoll

Vault maps used:
D:1:      denvon_arrival_planthouse
D:3:      elyvilon_altar_1, gammafunk_temple_overflow_pools, uniq_iyjb

Skill      XL: |  1  2  3  4 |
---------------+-------------+-----
Spellcasting   | 4 |  4.5
Hexes          | 1 2 |  2.1
Fighting       | |  0.8
Armour         | |  0.5
Dodging        | |  2.9
Stealth        | |  2.7
Conjurations   | |  1.5
Fire Magic     | |  3.8

Action                   |  1- 3 |  4- 6 || total
-------------------------+-------+-------++-------
Melee: Dagger            |   118 |    11 ||   129
 Cast: Flame Tongue      |    70 |    16 ||    86
       Throw Flame       |    19 |     3 ||    22
       Conjure Flame     |       |     3 ||     3
       Inner Flame       |       |     3 ||     3
  Use: Scroll            |     6 |       ||     6
       Potion            |     1 |       ||     1
 Stab: Sleeping          |     6 |     1 ||     7
  Eat: Bread ration      |     1 |       ||     1
       Royal jelly       |       |     1 ||     1
       Chunk             |       |     1 ||     1
